 Dungeon Crawl Stone Soup version 0.32-a0-666-ge8a88695a4 (webtiles) character file.

Game seed: 8301761212724312136

781 Sabo the Charlatan (level 7, -17/52 HPs)
             Began as a Coglin Artificer on Mar 8, 2024.
             Was an Initiate of Ashenzari.
             Demolished by an ogre
             ... wielding a +0 giant club
              (23 damage)
             ... on level 5 of the Dungeon on Mar 9, 2024.
             The game lasted 00:27:14 (4184 turns).

Sabo the Charlatan (Coglin Artificer)               Turns: 4184, Time: 00:27:14

Health: -17/52     AC: 11    Str: 14    XL:     7   Next: 85%
Magic:  7/7        EV:  4    Int: 11    God:    Ashenzari [......]
Gold:   183        SH:  0    Dex: 14    Spells: 6/6 levels left

rFire   + . .        p - +5 war axe of the Tortured God {pain, rF+ rCorr SInv}
rCold   . . .        b - +0 dagger (venom) {Shedsu-nefertum}
rNeg    . . .        q - +0 plate armour {rPois}
rPois   +            (no helmet)
rElec   .            (no cloak)
rCorr   +            (no gloves)
SInv    +            (no boots)
Will    .....        (amulet unavailable) Stlth
                     (ring unavailable)
HPRegen 0.28/turn    (ring unavailable)
MPRegen 0.10/turn    (no gizmo)

%: no passive effects
@: revved
A: off-hand wielding, slow wielding, warmup strikes, no jewellery
a: Invent Gizmo, Renounce Religion


You were on level 5 of the Dungeon.
You worshipped Ashenzari.
Ashenzari was noncommittal.
You visited 2 branches of the dungeon, and saw 6 of its levels.
You also visited: Sewer.

You collected 183 gold pieces.

Inventory:

Hand Weapons
 b - a +0 dagger of venom (offhand) {Shedsu-nefertum}
 i - a +0 sling of freezing {Prani}
 p - the +5 war axe of the Tortured God (weapon) {pain, rF+ rCorr SInv}
   (You found it on level 3 of the Dungeon)

   rF+:       It protects you from fire.
   SInv:      It lets you see invisible.
   rCorr:     It protects you from acid and corrosion.
Missiles
 m - 16 poisoned darts (quivered)
 o - 3 curare-tipped darts
Armour
 q - a +0 plate armour of poison resistance (worn)
Talismans
 f - a serpent talisman
Wands
 d - a wand of charming (15)
 e - a wand of iceblast (5)
Scrolls
 c - 2 scrolls of fear
 h - 3 scrolls of teleportation
 j - a scroll of butterflies
 k - 3 scrolls of fog
 r - a scroll of silence
 u - a scroll of revelation
 x - a scroll of enchant weapon {unknown}
 y - 2 scrolls of immolation
Potions
 a - a potion of might {unknown}
 g - a potion of attraction {unknown}
 l - a potion of enlightenment {unknown}
 n - 3 potions of heal wounds {unknown}
 s - 2 potions of curing {unknown}
 t - 2 potions of mutation {unknown}
 v - 2 potions of degeneration {unknown}
 w - a potion of haste {unknown}


   Skills:
 + Level 3.6 Fighting
 + Level 1.4 Short Blades
 + Level 3.8(4.1) Axes
 + Level 2.2(3.1) Maces & Flails
 + Level 0.3 Throwing
 + Level 4.0 Armour
 + Level 1.8 Dodging
 + Level 0.9 Stealth
 + Level 5.6 Evocations


You had 6 spell levels left.
You didn't know any spells.
Your spell library contained the following spells:

 Spells                   Type           Power      Damage    Failure   Level
 Necrotise                Necr           0%         1d4       100%        1
 Slow                     Hex            0%         N/A       100%        1
 Ensorcelled Hibernation  Hex/Ice        0%         N/A       100%        2
 Sublimation of Blood     Necr           0%         N/A       100%        2
 Confusing Touch          Hex            0%         N/A       100%        3
 Passwall                 Erth           0%         N/A       100%        3
 Sigil of Binding         Hex            0%         N/A       100%        3
 Swiftness                Air            0%         N/A       100%        3
 Vampiric Draining        Necr           0%         2d6       100%        3
 Petrify                  Alch/Erth      0%         N/A       100%        4
 Irradiate                Conj/Alch      0%         3d11      100%        5
 Iskenderun's Battlesphe  Conj           0%         2d6       100%        5
 Bombard                  Conj/Erth      0%         9d1       100%        6
 Spellforged Servitor     Conj/Summ      0%         N/A       100%        7


Dungeon Overview and Level Annotations

Branches:
Dungeon (5/15)             Temple (1/1) D:5           Sewer (visited)

Altars:
Ashenzari
Cheibriados
Elyvilon
Hepliaklqana
Kikubaaqudgha
Makhleb
Nemelex Xobeh
Qazlal
Ru
Sif Muna
Vehumet
Wu Jian
Yredelemnul
Zin
The Shining One


Innate Abilities, Weirdness & Mutations

You can wield a second weapon in your off-hand.
It takes a long time for you to wield or remove held weapons.
Your first few attacks do less damage.
You cannot equip rings or amulets.


Message History

Items here: )) ††.
Things that are here:
a +0 dagger; a kobold corpse
There is a stone staircase leading down here.
You climb downwards.
There is a stone staircase leading up here.
The bombardier beetle bites you but does no damage.
You hit the bombardier beetle but do no damage.
The bombardier beetle is poisoned.
You completely miss the bombardier beetle with the +5 war axe of the Tortured God.
You hit the bombardier beetle but do no damage.
The bombardier beetle looks as sick as possible!
The bombardier beetle is lightly wounded.
You slash the bombardier beetle with the +5 war axe of the Tortured God!
You kill the bombardier beetle!
An ogre comes into view. It is wielding a +0 giant club.
Found a stone staircase leading down.
The ogre shouts!
The ogre moves out of view.
Found a robe.
The ogre barely misses you.
You barely miss the ogre with your +0 dagger of venom.
You hit the ogre with the +5 war axe of the Tortured God.
The ogre hits you with a +0 giant club!!
You barely miss the ogre with the +5 war axe of the Tortured God.
The ogre is lightly wounded.
You hit the ogre with your +0 dagger of venom.
The ogre is poisoned.
You barely miss the ogre with the +5 war axe of the Tortured God.
The ogre is moderately wounded.
You hit the ogre but do no damage.
The ogre hits you with a +0 giant club!!
Ouch! That really hurt!
* * * LOW HITPOINT WARNING * * *
You hit the ogre with your +0 dagger of venom.
The ogre looks as sick as possible!
The ogre is moderately wounded.
You barely miss the ogre with the +5 war axe of the Tortured God.
The ogre hits you with a +0 giant club!!
You die...

...#### #...... #....?.
#...... ## #...... #>. ##
#...... #..# .# #...... ##
#...###.# ####......
....##..O@..#####.ß.#.....
.......[..............†...
.....#####.#..##ß.>.ß.....
........<#.##.............
......†.....#####.ß.######
.........#........#####...
.........######..........[
.........# ##..#####...
.........# ##.....#...


You could see an ogre (extremely poisoned).

Vanquished Creatures
  A phantom (D:3)
  2 kobold brigands (D:4)
  2 bullfrogs (Sewer)
  2 scorpions
  Blork the orc (D:4)
  A bombardier beetle (D:5)
  A hound (D:3)
  A sleepcap (D:4)
  An iguana (D:4)
  8 adders
  3 dart slugs
  5 endoplasms
  4 giant cockroaches
  4 goblins
  4 hobgoblins
  2 quokkas
  9 ball pythons
  5 bats
  3 frilled lizards
  11 kobolds
  23 rats
93 creatures vanquished.

Notes
Turn   | Place    | Note
-------+----------+-------------------------------------------
     0 | D:1      | Sabo the Coglin Artificer began the quest for the Orb.
     0 | D:1      | Reached XP level 1. HP: 15/15 MP: 1/1
   490 | D:1      | Reached XP level 2. HP: 21/21 MP: 2/2
  1013 | D:2      | Reached skill level 5 in Evocations
  1133 | D:2      | Reached XP level 3. HP: 25/26 MP: 3/3
  1394 | D:2      | Reached skill level 1 in Dodging
  1913 | D:2      | Upgraded the game from 0.32-a0-643-ga006e7742e to
                  | 0.32-a0-666-ge8a88695a4
  1992 | D:3      | Identified the +5 war axe of the Tortured God {pain, rF+
                  | rCorr SInv}
  2090 | D:3      | Found a sacrificial altar of Ru.
  2233 | D:3      | Found a radiant altar of Vehumet.
  2235 | D:3      | Noticed a phantom
  2244 | D:3      | Killed a phantom
  2245 | D:3      | Reached skill level 1 in Maces & Flails
  2245 | D:3      | Reached XP level 4. HP: 19/32 MP: 4/4
  2245 | D:3      | Reached XP level 5. HP: 22/37 MP: 5/5
  2312 | D:3      | Found an ancient bone altar of Kikubaaqudgha.
  2314 | D:3      | Found a shimmering blue altar of Sif Muna.
  2323 | D:3      | Got Kikubaaqudgha's Secrets of Carrion
  2421 | D:3      | Reached skill level 1 in Axes
  2732 | D:4      | Reached XP level 6. HP: 39/44 MP: 6/6
  2805 | D:4      | Found a glowing drain.
  2826 | Sewer    | Entered a sewer
  3105 | Sewer    | Reached skill level 1 in Short Blades
  3105 | Sewer    | Reached XP level 7. HP: 7/51 MP: 7/7
  3543 | D:4      | Noticed Blork the orc
  3552 | D:4      | Killed Blork the orc
  3695 | D:4      | You fall into a shaft and drop 1 floor!
  3695 | D:5      | Entered Level 5 of the Dungeon
  3704 | D:5      | Found a staircase to the Ecumenical Temple.
  3730 | Temple   | Entered the Ecumenical Temple
  3799 | Temple   | Became a worshipper of Ashenzari the Shackled
  4184 | D:5      | Demolished by an ogre

Illustrated notes

Levels and vault maps discovered:
D:1:      pf_arrival_petrified_forest, layout_basic, chequers_big_river
D:2:      layout_rooms, minmay_cupped
D:3:      layout_rooms, grunt_temple_overflow_magic_moments,
          mainiacjoe_overflow_surrounded_room
D:4:      cheibrodos_thug_alley, layout_cave_pools,
          cheibrodos_sewer_entry_sluice, uniq_blork_the_orc
D:5:      corexii_shack_village, layout_basic,
          minmay_temple_entry_statues_pillars, serial_bayou_pond_e
Temple:   bh_familiar_temple

Skill      XL: |  1  2  3  4  5  6  7 |
---------------+----------------------+-----
Evocations     | 5 |  5.6
Dodging        | 1 |  1.8
Armour         | 2 3 4 |  4.0
Maces & Flails | 1 2 |  2.2
Axes           | 1 2 3 |  3.8
Fighting       | 2 3 |  3.6
Short Blades   | 1 |  1.4
Throwing       | |  0.3
Stealth        | |  0.9

Action                     |  1- 3 |  4- 6 |  7- 9 || total
---------------------------+-------+-------+-------++-------
  Melee: Club              |    97 |       |       ||    97
         Dagger            |    23 |    60 |    34 ||   117
         Sling             |    79 |       |       ||    79
         War axe           |    11 |    72 |    41 ||   124
  Throw: Dart              |     5 |       |       ||     5
  Evoke: Wand              |    15 |       |       ||    15
    Use: Scroll            |     9 |     1 |     1 ||    11
 Armour: Ring mail         |    20 |       |       ||    20
         Scale mail        |    86 |       |       ||    86
         Plate armour      |    12 |   119 |    38 ||   169
  Dodge: Dodged            |    75 |    30 |     3 ||   108

Table legend: (Time is in decaauts)
 A = Elapsed time spent in this place.
 B = Non-inter-level travel time spent in this place.
 C = Inter-level travel time spent in this place.
 D = Time resting spent in this place.
 E = Time spent auto-exploring this place.
 F = Levels seen in this place.
 G = Mean time per level.
                   A        B        C        D        E       F      G
               +--------+--------+--------+--------+--------+-----+--------+
         Total |   4307 |   4307 |      0 |    896 |      0 |   7 |  615.3 |
       Dungeon |   3688 |   3688 |      0 |    707 |      0 |   5 |  737.6 |
        Temple |    101 |    101 |      0 |      0 |      0 |   1 |  101.0 |
         Sewer |    516 |    516 |      0 |    189 |      0 |   1 |  516.0 |
               +--------+--------+--------+--------+--------+-----+--------+

Top non-repeatable levels by time:
     D:1: 1002 daAuts
     D:2: 958 daAuts
     D:4: 862 daAuts
     D:3: 782 daAuts
   Sewer: 516 daAuts
  Temple: 101 daAuts
     D:5: 82 daAuts
